 Dungeon Crawl Stone Soup version 0.26.1-2-gb8aa6d0cf2 (webtiles) character file.

Game seed: 11538628272393542952

432 Ladykiller69 the Skirmisher (level 7, 0/74 HPs)
             Began as an Ogre Fighter on Mar 19, 2021.
             Was an Initiate of Wu Jian.
             Slain by a sky beast (6 damage)
             ... on level 5 of the Dungeon.
             The game lasted 00:07:56 (5722 turns).

Ladykiller69 the Skirmisher (Ogre Fighter)          Turns: 5722, Time: 00:07:58

Health: 0/74       AC:  4    Str: 21    XL:     7   Next: 0%
Magic:  16/16      EV:  9    Int:  9    God:    Wu Jian [......]
Gold:   358        SH:  9    Dex: 10    Spells: 6/6 levels left

rFire    . . .     SeeInvis .   a - +0 war axe
rCold    . . .     Faith    .   c - +0 kite shield
rNeg     . . .     Spirit   .   b - +0 robe
rPois    .         Reflect  .   (helmet restricted)
rElec    .         Harm     .   t - +0 cloak
rCorr    .         Rampage  .   (gloves unavailable)
Will     .....                  (boots unavailable)
Stlth    +.........             (no amulet)
HPRegen  0.22/turn              u - ring of flight
MPRegen  0.15/turn              r - ring of magical power

@: no status effects
A: large, unfitting armour, tough skin 1
a: Renounce Religion, Evoke Flight


You were on level 5 of the Dungeon.
You worshipped Wu Jian.
Wu Jian was noncommittal.
You visited 2 branches of the dungeon, and saw 6 of its levels.

You collected 358 gold pieces.

Inventory:

Hand Weapons
 a - a +0 war axe (weapon)
Missiles
 j - 3 atropa-tipped darts
 m - 9 poisoned darts (quivered)
Armour
 b - a +0 robe (worn)
 c - a +0 kite shield (worn)
 t - a +0 cloak (worn)
Jewellery
 k - an uncursed ring of flight
 r - a ring of magical power (right hand)
 u - a ring of flight (left hand)
Scrolls
 f - 2 scrolls of immolation {unknown}
 g - 2 scrolls of remove curse
 i - a scroll of teleportation {unknown}
 l - 3 scrolls of random uselessness {unknown}
 n - a scroll of amnesia
Potions
 d - a potion of might
 h - a potion of curing
 o - a potion of resistance
 p - a potion of lignification
 s - a potion of mutation
 w - a potion of ambrosia


   Skills:
 + Level 5.7 Fighting
 * Level 4.8 Axes
 + Level 3.8 Dodging
 + Level 3.8 Shields


You had 6 spell levels left.
You didn't know any spells.
Your spell library was empty.

Dungeon Overview and Level Annotations

Branches:
Dungeon (5/15)             Temple (1/1) D:4

Altars:
Ashenzari
Cheibriados
Dithmenos
Elyvilon
Fedhas
Gozag
Hepliaklqana
Kikubaaqudgha
Makhleb
Nemelex Xobeh
Okawaru
Qazlal
Sif Muna
Trog
Uskayaw
Vehumet
Wu Jian
Xom
Yredelemnul
Zin
The Shining One

Shops:
D:4 (


Innate Abilities, Weirdness & Mutations

You are too large for most types of armour.
You have tough skin. (AC +1)


Message History

* * * LOW HITPOINT WARNING * * *
Something hits you but does no damage.
You hit something. Something hits you.
* * * LOW HITPOINT WARNING * * *
Something shocks you.
* * * LOW HITPOINT WARNING * * *
You feel better. Something hits you.
* * * LOW HITPOINT WARNING * * *
Something shocks you.
* * * LOW HITPOINT WARNING * * *
You feel better. Something hits you but does no damage.
You miss something. Something hits you but does no damage.
You miss something. Something hits you.
* * * LOW HITPOINT WARNING * * *
Something shocks you.
* * * LOW HITPOINT WARNING * * *
Something hits you.
* * * LOW HITPOINT WARNING * * *
Something shocks you.
You die...

#####+#.####.# ........#
#.# ........####.#######
........#.##.......####
........#.##.##........
........#.##.##.##.#####
###..........##.........
#.#.#.#.##.##.##.######
#.###.#.#####.@{w......
#. #.#.# #.##.###...
..#.# #.# .# ###.# #.#
.# ..# #$# .. ... ... .w
... ... #. .##


You could see a dart slug.

Vanquished Creatures
  A centaur (D:5)
  2 hounds
  A jelly (D:5)
  Terence (D:2)
  2 orc wizards (D:3)
  A worker ant (D:4)
  7 adders
  An ooze (D:3)
  An adder zombie (D:5)
  3 worms
  A dart slug (D:3)
  A leopard gecko (D:5)
  16 orcs
  5 giant cockroaches
  5 goblins
  4 hobgoblins
  5 kobolds
  A quokka (D:5)
  2 ball pythons
  7 bats
  5 frilled lizards
  A jackal skeleton (D:4)
  12 rats
85 creatures vanquished.

Notes
Turn   | Place    | Note
-------+----------+-------------------------------------------
     0 | D:1      | Ladykiller69 the Ogre Fighter began the quest for the Orb.
     0 | D:1      | Reached XP level 1. HP: 24/24 MP: 1/1
   178 | D:1      | Reached XP level 2. HP: 9/32 MP: 2/2
  1174 | D:2      | Noticed Terence
  1193 | D:2      | Killed Terence
  1194 | D:2      | Reached XP level 3. HP: 22/40 MP: 3/3
  1518 | D:2      | Reached XP level 4. HP: 32/49 MP: 4/4
  2392 | D:2      | Found a stormy altar of Qazlal.
  2811 | D:3      | Reached XP level 5. HP: 30/55 MP: 5/5
  2831 | D:3      | HP: 2/55 [something (1)]
  3316 | D:3      | Reached skill level 5 in Fighting
  4087 | D:3      | Found a shadowy altar of Dithmenos.
  4292 | D:4      | Reached XP level 6. HP: 64/66 MP: 6/6
  4321 | D:4      | Found Asuulec's Weapon Shoppe.
  4381 | D:4      | Found a staircase to the Ecumenical Temple.
  4393 | Temple   | Entered the Ecumenical Temple
  4467 | Temple   | Became a worshipper of the Wu Jian Council
  4887 | D:5      | Entered Level 5 of the Dungeon
  5027 | D:5      | HP: 3/66 [centaur (7)]
  5371 | D:5      | Noticed a sky beast
  5682 | D:5      | Reached XP level 7. HP: 74/74 MP: 7/7
  5722 | D:5      | Slain by a sky beast

Illustrated notes

Levels and vault maps discovered:
D:1:      nzn_arrival_water_spiral, layout_basic
D:2:      layout_loops_ring, grunt_qazlal_clouds, uniq_terence
D:3:      layout_rooms, nicolae_dithmenos_through_a_glass_darkly
D:4:      layout_rooms, minmay_temple_entry_waves, serial_shops, shop,
          kennysheep_generic_room_8
D:5:      layout_basic
Temple:   compressed_dpeg_triangle_lava_temple

Skill      XL: |  1  2  3  4  5 |
---------------+----------------+-----
Dodging        | 3 |  3.8
Shields        | 3 |  3.8
Axes           | 3 4 |  4.8
Fighting       | 5 |  5.7

Action                   |  1- 3 |  4- 6 |  7- 9 || total
-------------------------+-------+-------+-------++-------
Melee: War axe           |   101 |   232 |    15 ||   348
Throw: Dart              |     1 |     1 |       ||     2
Invok: Lunge             |       |     3 |     1 ||     4
  Use: Potion            |       |     2 |     2 ||     4
       Scroll            |       |     7 |       ||     7
 Stab: Invisible         |     1 |       |       ||     1
       Sleeping          |       |     1 |       ||     1
Armor: Robe              |    35 |    52 |     6 ||    93
       Skin              |       |     2 |       ||     2
Dodge: Dodged            |    34 |    69 |     2 ||   105
Block: Kite shield       |    57 |   104 |     2 ||   163
